 Dungeon Crawl Stone Soup version 0.27-a0-1105-g946c659c87 (webtiles) character file.

Game seed: 5505763085493689602

25 robertstho the Chopper (level 3, -10/23 HPs)
             Began as a Tengu Berserker on Apr 30, 2021.
             Was a Follower of Trog.
             Mangled by Sigmund
             ... wielding a +0 scythe
              (12 damage)
             ... on level 2 of the Dungeon.
             The game lasted 00:01:09 (1133 turns).

robertstho the Chopper (Tengu Berserker)            Turns: 1133, Time: 00:01:09

Health: -10/23     AC:  2    Str: 18    XL:     3   Next: 6%
Magic:  4/4        EV: 12    Int:  7    God:    Trog [*.....]
Gold:   45         SH:  0    Dex: 13    Spells: 2/2 levels left

rFire    . . .     SeeInvis .   a - +0 hand axe
rCold    . . .     Faith    .   (no shield)
rNeg     . . .     Spirit   .   b - +0 animal skin
rPois    .         Reflect  .   (helmet restricted)
rElec    .         Harm     .   (no cloak)
rCorr    .         Rampage  .   (no gloves)
Will     .....                  (boots unavailable)
Stlth    +.........             (no amulet)
HPRegen  0.07/turn              (no ring)
MPRegen  0.09/turn              (no ring)

@: on berserk cooldown, slowed, very slow
A: beak, talons 3
a: Renounce Religion, Berserk


You were on level 2 of the Dungeon.
You worshipped Trog.
Trog was aware of your devotion.
You visited 1 branch of the dungeon, and saw 2 of its levels.

You collected 45 gold pieces.

Inventory:

Hand Weapons
 a - a +0 hand axe (weapon)
Armour
 b - a +0 animal skin (worn)
Scrolls
 d - 2 scrolls of teleportation {unknown}
 g - a scroll of fear {unknown}
Potions
 c - a potion of lignification {unknown}
 e - 2 potions of haste {unknown}
 f - a potion of heal wounds {unknown}


   Skills:
 * Level 3.6 Fighting
 + Level 3.6 Axes
 * Level 2.4 Armour
 + Level 2.2 Dodging
 + Level 0.5 Stealth


You had 2 spell levels left.
You didn't know any spells.
Your spell library was empty.

Dungeon Overview and Level Annotations

Branches:
Dungeon (2/15)

Altars:

Annotations:
D:2 Sigmund


Innate Abilities, Weirdness & Mutations

You have a beak for a mouth.
You have claws for feet.


Message History

Sigmund the Dreaded comes into view.
He is wielding a +0 scythe.
Sigmund is nearby!
Sigmund is nearby!
Sigmund is nearby!
Sigmund is nearby!
A red film seems to cover your vision as you go berserk!
You feel yourself moving faster!
You feel mighty!
Sigmund hits you from afar with a +0 scythe.
You feel a strong urge to attack something.
Sigmund hits you with a +0 scythe!
You barely miss Sigmund. Your kick misses Sigmund. Sigmund misses you.
You slash Sigmund!
Sigmund is moderately wounded.
Sigmund hits you with a +0 scythe!
You slash Sigmund!
Sigmund is heavily wounded.
Sigmund gestures at you while chanting.
You are confused.
You bump into the rock wall.
You barely miss Sigmund. Your kick misses Sigmund. Your peck misses Sigmund.
Sigmund is heavily wounded.
Sigmund misses you.
You bump into the rock wall.
You feel a strong urge to attack something.
Sigmund closely misses you.
You bump into the rock wall.
You are no longer berserk.
You are exhausted.
You feel yourself slow down. Sigmund closely misses you.
You bump into the rock wall.
Sigmund gestures at himself while chanting.
Sigmund flickers and vanishes!
Deactivating autopickup; reactivate with Ctrl-A.
You feel less confused. Something hits you. x2
* * * LOW HITPOINT WARNING * * *
You miss something. Your kick misses something. Your peck misses something.
Something hits you!
Ouch! That really hurt!
You die...

########
#<.....#
######.#
#.#####
#.....#
#######.#
#..{@...#
#.#######


There were no monsters in sight!

Vanquished Creatures
  A dart slug (D:1)
  3 ball pythons (D:1)
  2 endoplasms (D:1)
  2 giant cockroaches (D:1)
  A hobgoblin (D:1)
  3 quokkas (D:1)
  3 bats (D:1)
  A frilled lizard (D:1)
  2 goblins (D:1)
  3 kobolds (D:1)
  A rat (D:1)
22 creatures vanquished.

Notes
Turn   | Place    | Note
-------+----------+-------------------------------------------
     0 | D:1      | robertstho the Tengu Berserker began the quest for the Orb.
     0 | D:1      | Reached XP level 1. HP: 14/14 MP: 2/2
   368 | D:1      | Reached XP level 2. HP: 8/19 MP: 3/3
   918 | D:1      | Reached XP level 3. HP: 23/23 MP: 4/4
  1118 | D:2      | Noticed Sigmund
  1133 | D:2      | Mangled by Sigmund

Illustrated notes

Levels and vault maps discovered:
D:1:      noname_arrival_rooms_in_the_neighbourhood, layout_basic,
          solitary_fountain
D:2:      layout_basic, basic_altar, shapermc_ecumenical_altar_flowoftime,
          st_stairs_2, minmay_pentomino_o2, uniq_natasha, uniq_sigmund

Action                   || total
-------------------------++-------
Melee: Hand axe          ||    37
       Peck              ||     3
       Kick              ||     3
Invok: Berserk           ||     4
Armor: Animal skin       ||     6
Dodge: Dodged            ||    31

Table legend: (Time is in decaauts)
 A = Elapsed time spent in this place.
 B = Non-inter-level travel time spent in this place.
 C = Inter-level travel time spent in this place.
 D = Time resting spent in this place.
 E = Time spent auto-exploring this place.
 F = Levels seen in this place.
 G = Mean time per level.
                   A        B        C        D        E       F      G
               +--------+--------+--------+--------+--------+-----+--------+
         Total |   1162 |   1133 |     29 |    383 |    623 |   2 |  581.0 |
       Dungeon |   1162 |   1133 |     29 |    383 |    623 |   2 |  581.0 |
               +--------+--------+--------+--------+--------+-----+--------+

Top non-repeatable levels by time:
     D:1: 1136 daAuts
     D:2: 26 daAuts
